 Dungeon Crawl Stone Soup version 0.23.2-40-g277498a001 (webtiles) character file.

Game seed: 10111456666680904941

339969 DildoBatman the Necromancer (level 22, 0/159 HPs)
             Began as a Formicid Wizard on Sept 14, 2019.
             Was an Initiate of Gozag.
             Slain by an Ice Fiend (9 damage)
             ... in an ice cave.
             The game lasted 04:11:06 (48317 turns).

DildoBatman the Necromancer (Formicid Wizard)      Turns: 48317, Time: 04:11:07

Health: 0/159      AC: 24    Str: 19    XL:     22   Next: 97%
Magic:  23/44      EV: 26    Int: 28    God:    Gozag
Gold:   15132      SH: 21    Dex: 11    Spells: 7/49 levels left

rFire    + . .     SeeInvis +   a - +9 halberd (venom)
rCold    + . .     Gourm    .   K - +2 large shield
rNeg     + + +     Faith    .   o - +4 troll leather armour
rPois    ∞         Spirit   .   (helmet unavailable)
rElec    +         Reflect  .   t - scarf {cloud immunity}
rCorr    .         Harm     .   u - +2 pair of gloves {Str+3}
MR       ++++.                  i - +2 pair of boots
Stlth    +++.......             r - amulet of Elyvilon's Vengeance {rF+ Regen+ Str+2}
HPRegen  1.16/turn              G - ring "Zukh" {rPois EV+2}
MPRegen  0.29/turn              b - +4 ring of evasion

@: lich-form, gold aura
A: permanent stasis, dig shafts and tunnels, four strong arms, antennae 3,
hooves 1, repulsion field 1, slimy green scales 1, agile 1, clever 1, high mp 1,
magic resistance 1, electricity resistance, evolution 1
}: 2/15 runes: decaying, serpentine
a: Dig, Shaft Self, End Transformation, Potion Petition, Call Merchant, Bribe
Branch, Renounce Religion


You were in an ice cave.
You worshipped Gozag.
Gozag was extremely pleased with you.
You were not hungry.
You were a lich.
You visited 8 branches of the dungeon, and saw 37 of its levels.
You also visited: Ice Cave.

You collected 16747 gold pieces.
You spent 718 gold pieces at shops.
You paid 897 gold pieces to Gozag.

Inventory:

Hand Weapons
 a - a +9 halberd of venom (weapon)
Missiles
 d - 17 javelins of penetration (quivered)
 L - 3 throwing nets
Armour
 i - a +2 pair of boots (worn)
 o - a +4 troll leather armour (worn)
 t - a scarf of cloud immunity (worn)
 u - a +2 pair of gloves of strength (worn)
 K - a +2 large shield (worn)
 Q - a scarf of repulsion
 Y - a +1 cloak
 Z - a scarf of resistance
Magical Staves
 E - an uncursed staff of energy
 W - an uncursed staff of wizardry
Jewellery
 b - a +4 ring of evasion (right hand)
 c - the ring "Rusaucy" {rF++ MR- EV+4 Str+4 Stlth+}
   (You found it on level 4 of the Snake Pit)

   [ring of evasion]

   It affects your evasion (+4).
   It affects your strength (+4).
   It greatly protects you from fire.
   It affects your resistance to hostile enchantments.
   It makes you more stealthy.
 g - the amulet "Yzori" {Reflect rF+ rC+ rN+ SH+4}
   (You found it on level 6 of the Lair of Beasts)

   [amulet of reflection]

   It shields you and reflects attacks.
   It protects you from fire.
   It protects you from cold.
   It protects you from negative energy.
   It affects your SH (+4).
 n - an uncursed ring of resist corrosion
 r - the amulet of Elyvilon's Vengeance (around neck) {rF+ Regen+ Str+2}
   (You found it on level 3 of the Swamp)

   [amulet of regeneration]

   It affects your strength (+2).
   It protects you from fire.
   It increases your rate of regeneration.
 G - the ring "Zukh" (left hand) {rPois EV+2}
   (You found it on level 13 of the Dungeon)

   [ring of evasion]

   It affects your evasion (+2).
   It protects you from poison.
Wands
 l - a wand of iceblast (11)
 m - a wand of clouds (11)
 q - a wand of paralysis (24)
 A - a wand of disintegration (8)
 F - a wand of acid (8)
Scrolls
 p - a scroll of holy word
 x - 21 scrolls of remove curse
 y - 5 scrolls of immolation
 z - 20 scrolls of identify
 C - 2 scrolls of magic mapping
 M - 3 scrolls of fog
 P - a scroll of summoning
 V - 6 scrolls of fear
Potions
 f - a potion of agility
 k - a potion of resistance
 w - 14 potions of curing
 B - 11 potions of brilliance
 D - 4 potions of cancellation
 J - 2 potions of ambrosia
 T - 7 potions of might
Miscellaneous
 O - a lightning rod (4/4)
 R - a lamp of fire (inert)
 X - a fan of gales
Comestibles
 v - 20 rations


   Skills:
 - Level 10.0 Fighting
 - Level 4.0 Polearms
 - Level 9.0 Armour
 - Level 12.7 Dodging
 - Level 6.0 Stealth
 - Level 15.0 Shields
 - Level 14.0 Spellcasting
 - Level 10.0 Conjurations
   Level 1.0 Summonings
 - Level 19.0 Necromancy
   Level 0.8 Translocations
 * Level 13.8 Transmutations
 - Level 8.0 Fire Magic
 - Level 5.1 Air Magic
 - Level 12.0 Earth Magic
 - Level 6.3 Poison Magic
 - Level 6.0 Evocations


You had 7 spell levels left.
You knew the following spells:

 Your Spells              Type           Power        Failure   Level  Hunger
a - Conjure Flame         Conj/Fire      ######..     1%          3    N/A
b - Borgnjor's Vile Clut  Necr/Erth      ########..   1%          5    N/A
c - Fireball              Conj/Fire      ######....   1%          5    N/A
d - Vampiric Draining     Necr           ########..   0%          3    N/A
e - Mephitic Cloud        Conj/Pois/Air  ######..     1%          3    N/A
f - Necromutation         Tmut/Necr      ########..   24%         8    N/A
g - Chain Lightning       Conj/Air       ######....   100%        8    N/A
h - Dispel Undead         Necr           ########     1%          5    N/A
z - Sublimation of Blood  Necr           ########..   0%          2    N/A

Your spell library contained the following spells:

 Spells                   Type           Power        Failure   Level  Hunger
 Animate Skeleton         Necr           N/A          0%          1    N/A
 Beastly Appendage        Tmut           ######       0%          1    N/A
 Pain                     Necr           ####         0%          1    N/A
 Sticks to Snakes         Tmut           #######.     0%          2    N/A
 Flame Tongue             Conj/Fire      #####        1%          1    N/A
 Magic Dart               Conj           ####         1%          1    N/A
 Sandblast                Erth           ######       1%          1    N/A
 Summon Small Mammal      Summ           ####         1%          1    N/A
 Passwall                 Tmut/Erth      #######.     1%          2    N/A
 Throw Flame              Conj/Fire      ######       1%          2    N/A
 Inner Flame              Hex/Fire       #####...     1%          3    N/A
 Spider Form              Tmut/Pois      ######....   1%          3    N/A
 Ice Form                 Ice/Tmut       ######..     1%          4    N/A
 Petrify                  Tmut/Erth      #######.     1%          4    N/A
 Sticky Flame             Conj/Fire      ######..     1%          4    N/A
 Blade Hands              Tmut           #######...   1%          5    N/A
 Bolt of Draining         Conj/Necr      ########..   1%          5    N/A
 Excruciating Wounds      Chrm/Necr      #######...   1%          5    N/A
 Death Channel            Necr           ########..   1%          6    N/A
 Apportation              Tloc           ###...       2%          1    N/A
 Leda's Liquefaction      Hex/Erth       ######....   2%          4    N/A
 Statue Form              Tmut/Erth      #######..    2%          6    N/A
 Confusing Touch          Hex            ###...       3%          1    N/A
 Call Imp                 Summ           ####....     3%          2    N/A
 Ensorcelled Hibernation  Hex/Ice        ###...       4%          2    N/A
 Slow                     Hex            ###.....     4%          2    N/A
 Yara's Violent Unravell  Hex/Tmut       ######....   4%          5    N/A
 Iron Shot                Conj/Erth      ######....   4%          6    N/A
 Call Canine Familiar     Summ           ####....     6%          3    N/A
 Gell's Gravitas          Tloc           ###.......   6%          3    N/A
 Summon Guardian Golem    Hex/Summ       ###.....     8%          3    N/A
 Confuse                  Hex            ###.....     9%          3    N/A
 Summon Lightning Spire   Summ/Air       #####...     9%          4    N/A
 Simulacrum               Ice/Necr       #######...   10%         6    N/A
 Poison Arrow             Conj/Pois      ######....   17%         6    N/A
 Summon Ice Beast         Ice/Summ       ###.....     24%         4    N/A
 Silence                  Hex/Air        ####......   28%         5    N/A
 Haunt                    Necr/Summ      #######...   38%         7    N/A
 Metabolic Englaciation   Hex/Ice        ###.......   63%         5    N/A
 Shadow Creatures         Summ           N/A          97%         6    N/A
 Darkness                 Hex            ###.......   99%         6    N/A
 Borgnjor's Revivificati  Necr           ########..   9%          8    N/A
 Infestation              Necr           ########..   9%          8    N/A
 Lehudib's Crystal Spear  Conj/Erth      ######....   91%         8    N/A
 Death's Door             Chrm/Necr      #######...   99%         8    N/A
 Dragon's Call            Summ           ####......   100%        9    N/A
 Fire Storm               Conj/Fire      ######....   100%        9    N/A
 Glaciate                 Conj/Ice       #####.....   100%        9    N/A
 Blink                    Tloc           Unusable     N/A         2    N/A

Dungeon Overview and Level Annotations

Branches:
Dungeon (15/15)            Temple (1/1) D:5            Lair (6/6) D:11
  Swamp (4/4) Lair:2        Snake (4/4) Lair:2        Slime (0/5) Lair:5
    Orc (2/2) D:12            Elf (1/3) Orc:2        Vaults (4/5) D:14
  Crypt (0/3) Vaults:3     Depths (0/5) D:15

Altars:
Ashenzari
Cheibriados
Dithmenos
Elyvilon
Fedhas
Gozag
Hepliaklqana
Kikubaaqudgha
Makhleb
Nemelex Xobeh
Okawaru
Qazlal
Ru
Sif Muna
Trog
Uskayaw
Vehumet
Wu Jian
Xom
Yredelemnul
Zin
The Shining One
Beogh

Shops:
D:9 (   Orc:2 (([*   Snake:3 ?   Vaults:2 (   Vaults:3 (


Innate Abilities, Weirdness & Mutations

You cannot be hasted, slowed, berserked, paralysed or teleported.
You can dig through walls and to a lower floor.
Your four strong arms can wield two-handed weapons with a shield.
You have a pair of large antennae on your head. (SInv)
You have large cloven feet.
You are surrounded by a mild repulsion field. (EV +2)
You are partially covered in slimy green scales. (AC +2)
You are agile. (Dex +2)
Your mind is acute. (Int +2)
You have an increased reservoir of magic. (+10% MP)
You are resistant to hostile enchantments. (MR+)
You are resistant to electric shocks. (rElec)
You evolve.


Message History

You hit the Ice Fiend.
The Ice Fiend is lightly wounded.
The Ice Fiend claws you!! The Ice Fiend freezes you! You resist.
The Ice Fiend claws you!! The Ice Fiend freezes you! You resist.
Casting: Necromutation (very dangerous; 24% risk of failure)
Confirm with . or Enter, or press ? or * to list all spells.
Aiming: Borgnjor's Vile Clutch (safe; 1% risk of failure)
Press: ? - help, Dir - move target cursor, f - Ice Fiend
Aim: an Ice Fiend (lightly wounded)
You feel a surge of power!
Decaying hands burst forth from the earth!
Zombie hands grab the Ice Fiend.
The zombie hands constrict the Ice Fiend!
The Ice Fiend claws you!
You die...
Your body crumbles into a pile of gold.

###### ###....###
###........##
##....###....##
###...###{###...#
##..#### {{##...#
#..L#
§§§##..#####
#.1##
§§§☼....☼○.#§
##°§.#
§§°##....§.§§
##§..## ######§.§
#..°# #### ##.§1
# #.§§ °§§§ §§


You could see an Ice Fiend.

Vanquished Creatures
  Saint Roka (Snake:4)
  Nikola (Snake:2)
  2 liches (Vaults:4)
  Jorgrun (Snake:1)
  An Ice Fiend (IceCv)
  Asterion (Snake:4)
  Frances (D:13)
  A thorn hunter (Swamp:1)
  Roxanne (Swamp:1)
  An azure jelly (Swamp:4)
  A frost giant (Vaults:3)
  Donald (Vaults:4)
  10 nagarajas
  3 fire giants
  Aizul (Snake:2)
  12 vault wardens
  Louise (Swamp:1)
  A curse skull (Vaults:3)
  2 orc warlords
  7 very ugly things
  19 ironheart preservers
  A war gargoyle (D:15)
  2 stone giants
  3 deep elf demonologists (Vaults:3)
  The ghost of Decuk the Fighter, a journeyman DsHu of Okawaru (Lair:6)
  The ghost of bocha96 the Unseen, a journeyman SpAs of Dithmenos (Orc:2)
  Azrael (Snake:3)
  A spark wasp (shapeshifter) (Vaults:4)
  6 dire elephants (Lair:6)
  A merfolk javelineer (Orc:2)
  The ghost of Luuwnalu the Nimble, a journeyman KoHu of Okawaru (Lair:3)
  An eidolon (Vaults:3)
  3 deep elf death magi
  The ghost of beardedkeet the Practitioner, a journeyman HOFi of Elyvilon (Orc:1)
  A fire dragon (Vaults:2)
  Josephine (Orc:2)
  6 yaktaur captains
  A merfolk impaler (Orc:2)
  2 great orbs of eyes (Vaults:4)
  Fannar (Orc:1)
  12 vault guards
  5 ice dragons
  Harold (Lair:2)
  16 hydras
  19 naga warriors
  A shambling mangrove (Swamp:4)
  A catoblepas (D:9)
  Erica (Lair:2)
  14 anacondas
  4 centaur warriors
  26 two-headed ogres
  23 alligators
  2 death knights
  3 ghost crabs
  10 ogre magi
  2 death yaks (Lair:5)
  3 deep troll shamans (Vaults:2)
  4 tengu warriors
  2 deep troll earth magi (Vaults:4)
  An orc high priest (Orc:2)
  8 naga sharpshooters
  9 shock serpents
  10 spriggans
  5 deep elf knights
  Sonja (D:13)
  9 skeletal warriors
  2 salamander mystics
  A shadow wraith (Vaults:4)
  3 unseen horrors
  3 glowing orange brains
  A spriggan druid (Swamp:2)
  9 sea snakes
  6 deep elf archers
  3 wizards
  5 naga ritualists
  3 swamp dragons
  16 deep trolls
  7 ironbrand convokers
  2 phantasmal warriors
  An obsidian statue (Orc:1)
  A lindwurm (Lair:3)
  24 deep elf magi
  A necromancer (Vaults:1)
  A tengu zombie (Vaults:1)
  3 cyclopes
  8 wolf spiders
  20 orc knights
  A human zombie (Vaults:1)
  7 mana vipers
  2 moths of wrath (Lair:3)
  5 oklob plants
  34 ugly things
  12 elephants
  A moth of wrath (shapeshifter) (Vaults:3)
  A salamander (shapeshifter) (Vaults:4)
  10 salamanders
  8 guardian serpents
  10 naga magi
  3 centaur zombies
  2 guardian serpents (shapeshifter) (Vaults:2)
  A torpor snail (Lair:4)
  12 vault sentinels
  3 centaur skeletons
  46 black mambas
  2 ice statues (IceCv)
  Psyche (D:8)
  A gargoyle (D:12)
  28 spiny frogs
  2 rime drakes
  15 yaktaurs
  3 ice devils (IceCv)
  A yaktaur zombie (Vaults:1)
  2 catoblepas zombies (Lair:2)
  10 komodo dragons
  13 freezing wraiths
  A guardian mummy (D:15)
  A death yak skeleton (Lair:4)
  A hydra zombie (Lair:2)
  2 harpy zombies (D:15)
  A komodo dragon (shapeshifter) (D:12)
  6 trolls
  A jumping spider (shapeshifter) (D:14)
  13 blink frogs
  3 hydra skeletons
  Prince Ribbit (D:7)
  8 tyrant leeches
  A hornet (shapeshifter) (Vaults:1)
  9 bog bodies
  20 hornets
  A blink frog (shapeshifter) (D:15)
  7 dream sheep (Lair:6)
  36 slime creatures
  2 frost giant simulacra
  A fire giant simulacrum (Vaults:2)
  4 black mamba zombies
  9 hippogriffs
  7 shadows
  34 yaks
  Sigmund (D:6)
  2 wyverns
  4 basilisks
  The ghost of Descartes the Gusty, an amateur VSAE (D:5)
  7 wraiths
  4 fire elementals (Snake:3)
  3 fire bats (Lair:6)
  A spriggan (shapeshifter) (Vaults:1)
  A black mamba skeleton (Lair:5)
  A hungry ghost (D:13)
  A steam dragon (D:12)
  20 vampire mosquitoes
  4 swamp worm simulacra (Swamp:4)
  A human simulacrum (Vaults:1)
  2 soldier ants
  8 wargs
  43 nagas
  2 spiny frog zombies
  15 water moccasins
  An acid dragon (shapeshifter) (Vaults:4)
  13 swamp worms
  A hell hound (Snake:3)
  14 hydra simulacra (Swamp:4)
  3 insubstantial wisps (Swamp:3)
  A water moccasin (shapeshifter) (Vaults:2)
  4 porcupines
  66 orc warriors
  4 swamp drakes
  2 spiny frog skeletons (Lair:3)
  A hornet zombie (D:15)
  4 sky beasts
  A blink frog zombie (Lair:2)
  4 black bears
  An eye of draining (D:9)
  4 ice beasts
  A necrophage (D:10)
  6 centaurs
  33 ogres
  4 boggarts (Vaults:2)
  3 phantoms
  A crocodile (shapeshifter) (Vaults:1)
  21 wolves
  A lindwurm zombie (Lair:4)
  13 crocodiles
  A dream sheep skeleton (Lair:4)
  A komodo dragon zombie (Lair:5)
  A fire crab zombie (Lair:3)
  2 hippogriff zombies (Lair:2)
  2 rime drake zombies (Lair:2)
  3 big kobolds
  20 bullfrogs
  A wyvern zombie (D:12)
  3 hippogriff skeletons
  A water moccasin zombie (Lair:2)
  3 water moccasin skeletons
  2 wyvern skeletons
  2 scorpions
  A yak zombie (Lair:2)
  6 killer bees
  12 wights
  A yak skeleton (Lair:4)
  3 howler monkeys
  5 electric eels
  6 crimson imps
  4 bullfrog zombies
  A gnoll shaman (Orc:2)
  7 hounds
  4 quasits
  17 jellies
  37 orc priests
  2 basilisk zombies
  A bullfrog skeleton (Lair:3)
  Natasha (thrice) (D:2)
  3 iguanas
  A porcupine zombie (Lair:2)
  27 orc wizards
  6 worker ants
  A killer bee zombie (D:5)
  2 crocodile skeletons
  A crocodile zombie (Lair:2)
  2 mummies (D:15)
  A howler monkey zombie (D:8)
  4 worker ant zombies
  7 gnolls
  A howler monkey skeleton (D:7)
  22 adders
  5 shadow imps
  5 white imps (IceCv)
  5 ufetubi (IceCv)
  2 oozes (Lair:5)
  4 swamp drake simulacra (Swamp:4)
  3 adder skeletons
  An adder zombie (D:4)
  2 worms
  An adder simulacrum (D:9)
  3 leopard geckos
  153 orcs
  7 giant cockroaches
  4 goblins
  19 hobgoblins
  11 jackals
  4 quokkas
  2 ball pythons (Lair:2)
  4 bats
  6 frilled lizards
  22 kobolds
  2 quokka skeletons
  5 rats
  5 plants (Lair:6)
1654 creatures vanquished.

Vanquished Creatures (collateral kills)
  2 ironheart preservers
  An anaconda (Snake:4)
  An acid dragon (D:14)
  A killer bee (D:8)
5 creatures vanquished.

Vanquished Creatures (others)
  A shambling mangrove (Swamp:3)
  A dancing weapon (Vaults:3)
  3 death yaks (Lair:5)
  4 naga sharpshooters
  A harpy (Vaults:2)
  A manticore (D:14)
  A naga (Snake:4)
  A swamp worm (Swamp:4)
  An electric eel (Lair:2)
  An adder (D:5)
  A white imp (IceCv)
  3 ufetubi (IceCv)
  An orc (Orc:1)
  14 fungi
  17 plants
  A withered plant (D:15)
52 creatures vanquished.

Grand Total: 1711 creatures vanquished

Notes
Turn   | Place    | Note
-------+----------+-------------------------------------------
     0 | D:1      | DildoBatman the Formicid Wizard began the quest for the
                  | Orb.
     0 | D:1      | Reached XP level 1. HP: 13/13 MP: 4/4
    60 | D:1      | Reached skill level 1 in Conjurations
   254 | D:1      | Reached XP level 2. HP: 19/19 MP: 3/6
   838 | D:1      | Reached XP level 3. HP: 16/24 MP: 1/7
   843 | D:1      | Learned a level 3 spell: Conjure Flame
   847 | D:1      | Learned a level 3 spell: Mephitic Cloud
   940 | D:2      | Noticed Natasha
  1356 | D:2      | Reached XP level 4. HP: 30/30 MP: 0/8
  1603 | D:2      | Found a glowing golden altar of the Shining One.
  1608 | D:2      | Found a snail-covered altar of Cheibriados.
  1800 | D:2      | Found a burning altar of Makhleb.
  2299 | D:3      | Reached XP level 5. HP: 35/35 MP: 5/9
  2593 | D:2      | HP: 1/35 [hobgoblin (3)]
  2992 | D:3      | Reached skill level 5 in Conjurations
  2992 | D:3      | Reached XP level 6. HP: 39/41 MP: 6/10
  3496 | D:3      | Found a blossoming altar of Fedhas.
  3645 | D:3      | Reached XP level 7. HP: 46/46 MP: 6/11
  4232 | D:4      | Reached skill level 1 in Poison Magic
  4262 | D:4      | Reached skill level 1 in Fire Magic
  4825 | D:5      | Entered Level 5 of the Dungeon
  4827 | D:5      | Found a hide-covered altar of Uskayaw.
  4884 | D:5      | Reached skill level 1 in Air Magic
  4892 | D:5      | Found a staircase to the Ecumenical Temple.
  4900 | Temple   | Entered the Ecumenical Temple
  5040 | Temple   | Became a worshipper of Kikubaaqudgha
  5060 | D:5      | Found a runed translucent door.
  5516 | D:3      | Reached XP level 8. HP: 25/52 MP: 3/13
  5631 | D:2      | Killed Natasha
  5672 | D:2      | Noticed Natasha
  5688 | D:2      | Killed Natasha
  5704 | D:2      | Noticed Natasha
  5711 | D:2      | Killed Natasha
  5770 | D:2      | Reached * piety under Kikubaaqudgha
  5770 | D:2      | Identified Kikubaaqudgha's Collected Works on Unholy Magic
                  | (Kikubaaqudgha gifted it to you on level 2 of the Dungeon)
  5770 | D:2      | Received a gift from Kikubaaqudgha
  5932 | D:5      | Reached skill level 1 in Polearms
  6094 | D:5      | Noticed Descartes's ghost (amateur VSAE)
  6258 | D:5      | Reached skill level 5 in Poison Magic
  6321 | D:5      | Reached XP level 9. HP: 57/57 MP: 4/15
  6644 | D:6      | Noticed Sigmund
  6669 | D:6      | Killed Sigmund
  6700 | D:6      | Found a glowing golden altar of the Shining One.
  6861 | D:7      | Noticed a hippogriff
  6872 | D:6      | Killed a hippogriff
  7003 | D:6      | Reached skill level 5 in Fire Magic
  7184 | D:7      | Reached ** piety under Kikubaaqudgha
  7184 | D:7      | Reached skill level 5 in Air Magic
  7289 | D:7      | Noticed Prince Ribbit
  7362 | D:7      | Killed Prince Ribbit
  7362 | D:7      | Reached skill level 5 in Spellcasting
  7426 | D:7      | Reached XP level 10. HP: 27/63 MP: 2/19
  7509 | D:7      | Reached skill level 1 in Fighting
  7509 | D:7      | Reached skill level 1 in Armour
  8136 | D:8      | Noticed Psyche
  8154 | D:8      | Killed Psyche
  8223 | D:8      | Noticed a two-headed ogre
  8351 | D:8      | Reached *** piety under Kikubaaqudgha
  8351 | D:8      | Identified Kikubaaqudgha's Volume of Evil Rites
                  | (Kikubaaqudgha gifted it to you on level 8 of the Dungeon)
  8351 | D:8      | Received a gift from Kikubaaqudgha
  8448 | D:8      | Killed a two-headed ogre
  8817 | D:8      | Reached skill level 5 in Fighting
  8817 | D:8      | Reached skill level 5 in Armour
  9098 | D:9      | Reached skill level 1 in Necromancy
  9133 | D:9      | Found a shimmering altar of Xom.
  9168 | D:9      | Noticed a two-headed ogre
  9203 | D:9      | Killed a two-headed ogre
  9203 | D:9      | Reached skill level 2 in Necromancy
  9203 | D:9      | Reached XP level 11. HP: 67/79 MP: 2/22
  9430 | D:9      | Reached skill level 3 in Necromancy
  9544 | D:9      | Found Fudeorek's Weapon Emporium.
  9673 | D:9      | Reached **** piety under Kikubaaqudgha
  9673 | D:9      | Reached skill level 4 in Necromancy
  9944 | D:10     | Entered Level 10 of the Dungeon
  9983 | D:10     | Reached skill level 5 in Necromancy
 10273 | D:9      | Noticed an unseen horror
 10282 | D:9      | Killed an unseen horror
 10282 | D:9      | Reached skill level 6 in Necromancy
 10313 | D:9      | Noticed a catoblepas
 10342 | D:9      | Killed a catoblepas
 10342 | D:9      | Reached skill level 7 in Necromancy
 10487 | D:9      | Identified the Guide on Dusty Creation
 10523 | D:9      | Learned a level 2 spell: Sublimation of Blood
 10527 | D:9      | Learned a level 3 spell: Vampiric Draining
 10533 | D:9      | Learned a level 5 spell: Dispel Undead
 10655 | D:10     | Noticed an unseen horror
 10665 | D:10     | Killed an unseen horror
 10665 | D:10     | Reached skill level 8 in Necromancy
 11286 | D:11     | Noticed a purple ugly thing
 11296 | D:11     | Killed a purple ugly thing
 11296 | D:11     | Reached skill level 1 in Evocations
 11296 | D:11     | Reached XP level 12. HP: 81/86 MP: 15/24
 11330 | D:11     | Noticed a seven-headed hydra
 11351 | D:11     | Killed a seven-headed hydra
 11359 | D:11     | Reached ***** piety under Kikubaaqudgha
 11747 | D:11     | Noticed a tengu warrior
 11758 | D:11     | Killed a tengu warrior
 11874 | D:11     | Reached skill level 1 in Shields
 12018 | D:11     | Found a staircase to the Lair.
 12217 | D:12     | Noticed a death knight
 12425 | D:12     | Reached skill level 5 in Shields
 12617 | D:12     | Killed a death knight
 12698 | D:12     | Noticed a skeletal warrior
 12698 | D:12     | Noticed a skeletal warrior
 12773 | D:12     | Killed a skeletal warrior
 12814 | D:12     | Killed a skeletal warrior
 12835 | D:12     | Noticed a skeletal warrior
 12854 | D:12     | Killed a skeletal warrior
 13158 | D:12     | Noticed a fire crab
 13167 | D:12     | a fire crab changed into a komodo dragon
 13296 | D:12     | Found a staircase to the Orcish Mines.
 13366 | D:12     | Reached XP level 13. HP: 74/93 MP: 18/25
 13661 | Orc:1    | Entered Level 1 of the Orcish Mines
 13727 | Orc:1    | Reached ****** piety under Kikubaaqudgha
 13761 | D:12     | Received a gift from Kikubaaqudgha
 13766 | D:12     | Fell from the grace of Kikubaaqudgha
 13929 | Temple   | Became a worshipper of Gozag Ym Sagoz the Greedy
 13977 | D:5      | Killed Descartes's ghost
 14008 | D:5      | Learned a level 5 spell: Fireball
 14273 | Lair:1   | Entered Level 1 of the Lair of Beasts
 14556 | Lair:1   | Noticed an eight-headed hydra
 14584 | Lair:1   | Killed a seven-headed hydra
 15025 | Lair:2   | Noticed Erica
 15046 | Lair:2   | Reached skill level 9 in Necromancy
 15050 | Lair:2   | Killed Erica
 15072 | Lair:2   | Found a staircase to the Swamp.
 15136 | Lair:2   | Reached skill level 5 in Dodging
 15161 | Lair:2   | Found a staircase to the Snake Pit.
 15278 | Lair:2   | Reached skill level 5 in Stealth
 15634 | Lair:2   | Noticed Harold
 15683 | Lair:2   | Killed Harold
 16544 | Lair:2   | Gained mutation: You are resistant to electric shocks.
                  | (rElec) [potion of mutation]
 16544 | Lair:2   | Gained mutation: You are surrounded by a mild repulsion
                  | field. (EV +2) [potion of mutation]
 16544 | Lair:2   | Gained mutation: You evolve. [potion of mutation]
 16544 | Lair:2   | Gained mutation: You are partially covered in slimy green
                  | scales. (AC +2) [potion of mutation]
 16603 | Lair:3   | Noticed a five-headed hydra
 16615 | Lair:3   | Killed a five-headed hydra
 16695 | Lair:3   | Reached skill level 5 in Evocations
 16714 | Lair:3   | Noticed a seven-headed hydra
 16722 | Lair:3   | Found a transporter.
 16722 | Lair:3   | Noticed Luuwnalu's ghost (journeyman KoHu)
 16902 | Lair:3   | Noticed an eight-headed hydra
 16909 | Lair:3   | Killed a seven-headed hydra
 17596 | Lair:3   | Found a transporter.
 17656 | Lair:4   | Reached XP level 14. HP: 85/104 MP: 14/26
 18118 | Lair:4   | You fall through a shaft!
 18626 | Lair:5   | Was forgiven by Kikubaaqudgha
 18842 | Lair:5   | Found a staircase to the Slime Pits.
 20162 | Orc:1    | Noticed Fannar
 20434 | Orc:1    | Killed Fannar
 20507 | Orc:1    | Found a runed translucent gate.
 20507 | Orc:1    | Found a runed translucent gate.
 20507 | Orc:1    | Found a runed translucent gate.
 20509 | Orc:1    | Found an opulent altar of Gozag.
 20509 | Orc:1    | Noticed an orc warlord
 20513 | Orc:1    | Noticed beardedkeet's ghost (journeyman HOFi)
 20768 | Orc:2    | Entered Level 2 of the Orcish Mines
 20815 | Orc:2    | Found a roughly hewn altar of Beogh.
 20972 | Orc:2    | Noticed an orc warlord
 21025 | Orc:2    | Killed an orc warlord
 21227 | Orc:2    | Found a roughly hewn altar of Beogh.
 21263 | Orc:2    | Found a staircase to the Elven Halls.
 21287 | Orc:2    | Noticed Josephine
 21333 | Orc:2    | Killed Josephine
 21425 | Orc:2    | Found a roughly hewn altar of Beogh.
 21567 | Orc:2    | Found a roughly hewn altar of Beogh.
 21617 | Orc:2    | Found Ceraw's Antique Weapon Emporium.
 21650 | Orc:2    | Found a roughly hewn altar of Beogh.
 21735 | Orc:2    | Found a roughly hewn altar of Beogh.
 21790 | Orc:2    | Found Aqizamn's General Store.
 21800 | Orc:2    | Bought a potion of curing for 39 gold pieces
 21800 | Orc:2    | Bought a potion of might for 52 gold pieces
 21857 | Orc:2    | Found a runed translucent gate.
 21857 | Orc:2    | Found a runed translucent gate.
 21858 | Orc:2    | Found a runed translucent gate.
 21858 | Orc:2    | Noticed a stone giant
 21859 | Orc:2    | Noticed bocha96's ghost (journeyman SpAs)
 22036 | Orc:2    | Reached XP level 15. HP: 104/115 MP: 23/28
 22055 | Orc:2    | Found a roughly hewn altar of Beogh.
 22221 | Orc:2    | Reached skill level 10 in Fighting
 22272 | Orc:2    | Found Qebbunor's Antique Weapon Shop.
 22274 | Orc:2    | Found a roughly hewn altar of Beogh.
 22275 | Orc:2    | Found Yzenem's Antique Armour Boutique.
 22329 | Orc:2    | Found an iron altar of Okawaru.
 22427 | Orc:2    | Bought a dazzling morningstar for 243 gold pieces
 22489 | Orc:2    | Bought a faintly glowing mace for 264 gold pieces
 22490 | Orc:2    | Identified the +2 morningstar of Xom's Envy {elec, rF+
                  | Dex+5 Stlth+} (You bought it in a shop on level 2 of the
                  | Orcish Mines)
 22492 | Orc:2    | Identified the cursed +2 mace "Soveuf" {drain, Dex+2} (You
                  | bought it in a shop on level 2 of the Orcish Mines)
 22505 | Orc:2    | Identified a scroll of acquirement
 22827 | Lair:6   | Entered Level 6 of the Lair of Beasts
 22941 | Lair:6   | Got a faintly glowing bronze ring
 23004 | Lair:6   | Identified the ring of Pride {Slay+3 SInv} (You found it on
                  | level 6 of the Lair of Beasts)
 23053 | Lair:6   | Found a runed translucent gate.
 23053 | Lair:6   | Found a runed translucent gate.
 23053 | Lair:6   | Found a runed translucent gate.
 23053 | Lair:6   | Noticed Decuk's ghost (journeyman DsHu)
 23107 | Lair:6   | Reached skill level 10 in Spellcasting
 24088 | Lair:6   | Killed Decuk's ghost
 24671 | Lair:6   | Got a smoking ivory amulet
 24681 | Lair:6   | Identified the amulet "Yzori" {Reflect rF+ rC+ rN+ SH+4}
                  | (You found it on level 6 of the Lair of Beasts)
 25473 | Lair:3   | Killed Luuwnalu's ghost
 25992 | D:13     | Noticed Sonja
 26129 | D:13     | Killed Sonja
 26313 | D:13     | Noticed Frances
 26337 | D:13     | Killed Frances
 26337 | D:13     | Reached skill level 10 in Dodging
 26337 | D:13     | Reached XP level 16. HP: 122/122 MP: 27/32
 26589 | D:13     | Got a crude brass ring
 26829 | D:13     | Identified the ring "Zukh" {rPois EV+2} (You found it on
                  | level 13 of the Dungeon)
 27640 | D:14     | Found a gate to the Vaults.
 27984 | D:15     | Entered Level 15 of the Dungeon
 27995 | D:15     | Found a staircase to the Depths.
 27995 | D:15     | Noticed a fire giant
 28010 | D:15     | Killed a fire giant
 28549 | D:15     | Gained mutation: You are resistant to hostile enchantments.
                  | (MR+) [evolution]
 28802 | D:15     | Found a runed translucent door.
 28920 | D:15     | Learned a level 8 spell: Necromutation
 28929 | D:15     | Learned a level 8 spell: Chain Lightning
 29089 | Snake:1  | Entered Level 1 of the Snake Pit
 29377 | Snake:1  | Reached skill level 10 in Necromancy
 29553 | Snake:1  | Noticed Jorgrun
 29638 | Snake:1  | Killed Jorgrun
 29638 | Snake:1  | Reached XP level 17. HP: 82/128 MP: 25/34
 30702 | D:11     | Gained mutation: You rapidly evolve. [evolution]
 30702 | D:11     | Lost mutation: You rapidly evolve. [decline of evolution]
 30868 | Snake:2  | Noticed Nikola
 30965 | Snake:2  | Reached skill level 11 in Necromancy
 31076 | Snake:2  | Noticed Aizul
 31086 | Snake:2  | Killed Aizul
 31397 | Snake:2  | Reached skill level 10 in Conjurations
 31514 | Snake:2  | Killed Nikola
 31641 | Snake:3  | Found a radiant altar of Vehumet.
 31670 | Snake:3  | Reached skill level 12 in Necromancy
 31753 | Snake:3  | Found Celim's Magic Scroll Shoppe.
 31762 | Snake:3  | Bought a scroll of identify for 32 gold pieces
 31762 | Snake:3  | Bought a scroll of identify for 32 gold pieces
 31762 | Snake:3  | Bought a scroll of immolation for 56 gold pieces
 31845 | Snake:3  | Noticed Azrael
 31876 | Snake:3  | Killed Azrael
 32410 | Snake:4  | Entered Level 4 of the Snake Pit
 32442 | Snake:4  | Noticed Asterion
 32457 | Snake:4  | Killed Asterion
 32565 | Snake:4  | Reached skill level 13 in Necromancy
 32695 | Snake:4  | Got a brightly glowing amber ring
 32698 | Snake:4  | Identified the ring "Rusaucy" {rF++ MR- EV+4 Str+4 Stlth+}
                  | (You found it on level 4 of the Snake Pit)
 32724 | Snake:4  | Noticed Saint Roka
 32780 | Snake:4  | Reached XP level 18. HP: 128/134 MP: 1/35
 32913 | Snake:4  | Reached skill level 14 in Necromancy
 33409 | Snake:4  | Killed Saint Roka
 33582 | Snake:4  | Reached skill level 15 in Necromancy
 34271 | Snake:4  | Reached skill level 16 in Necromancy
 34376 | Snake:4  | Gained mutation: You have large cloven feet. [evolution]
 34687 | Snake:4  | Reached XP level 19. HP: 94/140 MP: 32/36
 34761 | Snake:4  | Reached skill level 17 in Necromancy
 34808 | Snake:4  | Got a serpentine rune of Zot
 34981 | Swamp:1  | Entered Level 1 of the Swamp
 35563 | Swamp:1  | Noticed Louise
 35583 | Swamp:1  | Killed Louise
 35740 | Swamp:1  | Identified Roxanne's Handbook of the Mountains
 35740 | Swamp:1  | Noticed Roxanne
 36051 | Swamp:1  | Reached skill level 18 in Necromancy
 37354 | Swamp:3  | Reached skill level 19 in Necromancy
 37601 | Swamp:3  | Got a crude steel amulet
 37883 | Swamp:4  | Entered Level 4 of the Swamp
 37938 | Swamp:4  | Reached skill level 10 in Shields
 38087 | Swamp:4  | Got a jewelled trident
 38088 | Swamp:4  | Identified the +1 trident of the Crypt {protect, *Drain rN+
                  | Int+4} (You found it on level 4 of the Swamp)
 38145 | Swamp:4  | Reached XP level 20. HP: 106/147 MP: 28/37
 38402 | Swamp:4  | Gained mutation: Your mind is acute. (Int +2) [evolution]
 39019 | Swamp:4  | Identified the amulet of Elyvilon's Vengeance {rF+ Regen+
                  | Str+2} (You found it on level 3 of the Swamp)
 39306 | Swamp:4  | Got a decaying rune of Zot
 39576 | Swamp:1  | Killed Roxanne
 40068 | Orc:1    | Killed beardedkeet's ghost
 40301 | Orc:2    | Killed bocha96's ghost
 40531 | Vaults:1 | Entered Level 1 of the Vaults
 41478 | Vaults:1 | Reached skill level 15 in Shields
 41483 | Vaults:1 | Reached skill level 1 in Transmutations
 41711 | Vaults:1 | Got a steaming falchion
 41781 | Vaults:1 | Reached skill level 5 in Transmutations
 42139 | Vaults:1 | Identified the +6 falchion "Hynuskam" {antimagic, -Tele rF+
                  | Str+6} (You found it on level 1 of the Vaults)
 42361 | Vaults:2 | Found a white marble altar of Elyvilon.
 42454 | Vaults:2 | Reached XP level 21. HP: 122/153 MP: 19/38
 43000 | Vaults:2 | Found Qadeaton's Weapon Boutique.
 43076 | Vaults:2 | Reached skill level 10 in Transmutations
 43512 | Vaults:2 | You fall through a shaft for 2 floors!
 43769 | Vaults:4 | Noticed Donald
 43802 | Vaults:4 | Killed Donald
 44068 | Vaults:4 | Noticed a lich
 44071 | Vaults:4 | Killed a lich
 44673 | Vaults:4 | Learned a level 5 spell: Borgnjor's Vile Clutch
 45013 | Vaults:4 | Gained mutation: You have an increased reservoir of magic.
                  | (+10% MP) [evolution]
 45129 | Vaults:3 | Reached skill level 1 in Earth Magic
 45170 | Vaults:3 | Reached XP level 22. HP: 159/159 MP: 25/42
 45223 | Vaults:3 | Got a thick robe
 45285 | Vaults:3 | Reached skill level 5 in Earth Magic
 45620 | Vaults:3 | Found Jioci's Weapon Emporium.
 45678 | Vaults:3 | Found a staircase to the Crypt.
 46512 | Vaults:3 | Reached skill level 10 in Earth Magic
 46827 | Vaults:2 | You fall through a shaft for 2 floors!
 47871 | D:14     | Identified the +2 robe of Indomitability {Dex+3} (You found
                  | it on level 3 of the Vaults)
 47988 | Elf:1    | Entered Level 1 of the Elven Halls
 48031 | Elf:1    | Identified the +4 great sword "Sipiaw" {flame, rC+ rN+
                  | Int-3 Dex+3}
 48108 | Elf:1    | Gained mutation: You are agile. (Dex +2) [evolution]
 48113 | Elf:1    | Found a frozen archway.
 48143 | IceCv    | Entered an ice cave
 48317 | IceCv    | Slain by an Ice Fiend

Skill      XL: |  1  2  3  4  5  6  7  8  9 10 11 12 13 14 15 16 17 18 19 20 21 22 |
---------------+-------------------------------------------------------------------+-----
Conjurations   | 1 2 3 4 5 6 7 8 10 | 10.0
Poison Magic   | 3 5 6 |  6.3
Fire Magic     | 2 4 5 7 8 |  8.0
Air Magic      | 2 3 5 |  5.1
Spellcasting   | 4 6 7 8 9 12 13 14 | 14.0
Polearms       | 1 2 3 4 |  4.0
Dodging        | 3 4 5 7 10 12 | 12.7
Fighting       | 5 6 7 9 10 | 10.0
Armour         | 5 6 7 9 |  9.0
Necromancy     | 2 8 9 10 13 16 19 | 19.0
Evocations     | 1 2 5 6 |  6.0
Shields        | 9 10 15 | 15.0
Stealth        | 6 |  6.0
Transmutations | 6 13 | 13.8
Earth Magic    | 3 12 | 12.0
Summonings     | |  1.0
Translocations | |  0.8

Action                   |  1- 3 |  4- 6 |  7- 9 | 10-12 | 13-15 | 16-18 | 19-21 | 22-24 || total
-------------------------+-------+-------+-------+-------+-------+-------+-------+-------++-------
Melee: Dagger            |    21 |       |       |       |       |       |       |       ||    21
       Whip              |       |    49 |   145 |   284 |       |       |       |       ||   478
       Halberd           |       |       |    66 |    79 |       |   914 |  1723 |   462 ||  3244
       Short sword       |       |       |       |     4 |       |       |       |       ||     4
       Trident           |       |       |       |   220 |  1909 |   500 |       |       ||  2629
       Hand axe          |       |       |       |     2 |     1 |       |       |       ||     3
       Battleaxe         |       |       |       |     2 |       |     6 |    15 |       ||    23
       Scimitar          |       |       |       |       |    20 |       |       |       ||    20
       Morningstar       |       |       |       |       |       |    56 |       |       ||    56
Throw: Stone             |     1 |       |     2 |     1 |       |       |       |       ||     4
 Cast: Magic Dart        |    80 |   102 |   168 |    78 |    58 |    10 |       |       ||   496
       Mephitic Cloud    |     1 |    10 |    24 |    56 |   117 |    52 |   130 |    35 ||   425
       Conjure Flame     |       |     3 |    23 |    80 |   184 |   115 |   115 |    28 ||   548
       Dispel Undead     |       |       |       |    24 |    15 |     9 |    53 |     6 ||   107
       Sublimation of Bl |       |       |       |     9 |       |     1 |     2 |     2 ||    14
       Fireball          |       |       |       |       |     6 |     2 |       |       ||     8
       Vampiric Draining |       |       |       |       |    14 |    73 |    68 |     2 ||   157
       Borgnjor's Vile C |       |       |       |       |       |       |       |    41 ||    41
       Necromutation     |       |       |       |       |       |       |       |     4 ||     4
Invok: Receive Necronomi |       |       |       |       |     1 |       |       |       ||     1
       Renounce Religion |       |       |       |       |     1 |       |       |       ||     1
       Potion Petition   |       |       |       |       |       |       |       |     2 ||     2
 Abil: Dig               |     2 |     5 |    20 |    24 |    61 |    31 |     7 |     1 ||   151
       End Transformatio |       |       |       |       |       |       |       |     3 ||     3
Evoke: Wand              |       |       |    12 |    22 |     3 |    13 |     3 |     2 ||    55
       Lamp of fire      |       |       |       |       |     1 |     3 |     2 |     1 ||     7
       Fan of gales      |       |       |       |       |       |       |     1 |     1 ||     2
  Use: Scroll            |       |       |     5 |    16 |    19 |       |     4 |     6 ||    50
       Potion            |       |       |     1 |       |     2 |     4 |     2 |     2 ||    11
 Stab: Confused          |       |     5 |     4 |    23 |    70 |    20 |    50 |    17 ||   189
       Sleeping          |       |     1 |       |     2 |     5 |     2 |     7 |       ||    17
       Paralysed         |       |       |       |    31 |     3 |     4 |     2 |       ||    40
       Distracted        |       |       |       |       |    10 |     5 |     2 |     2 ||    19
       Invisible         |       |       |       |       |       |     6 |       |       ||     6
  Eat: Chunk             |     2 |     8 |    17 |    25 |     2 |       |       |       ||    54
       Ration            |       |       |       |     1 |    17 |    10 |    14 |     4 ||    46
Armor: Robe              |    16 |    11 |    18 |       |       |       |       |       ||    45
       Troll leather arm |       |       |    34 |   141 |   345 |   252 |   339 |    80 ||  1191
Dodge: Dodged            |    38 |    50 |   129 |   333 |   728 |   801 |  1175 |   261 ||  3515
       Deflected         |       |       |       |       |     4 |    87 |    40 |    15 ||   146
Block: Shield            |       |       |       |     2 |   924 |  1024 |  1271 |   139 ||  3360
       Reflection        |       |       |       |       |    12 |   103 |    16 |     4 ||   135
       Large shield      |       |       |       |       |       |       |       |   216 ||   216
       Rpst.: Scimitar   |       |       |       |       |     1 |       |       |       ||     1
